 Dungeon Crawl Stone Soup version 0.20.1-1-g8b1a95d (webtiles) character file.

980 spiff the Ruffian (level 7, 19/60 HPs)
             Began as a Black Draconian Transmuter on July 19, 2017.
             Quit the game on level 4 of the Dungeon.
             The game lasted 00:12:28 (4854 turns).

spiff the Ruffian (Black Draconian Transmuter)      Turns: 4854, Time: 00:12:28

Health: 19/60      AC:  6    Str: 14    XL:     7   Next: 96%
Magic:  7/10       EV: 12    Int: 17    God:
Gold:   106        SH:  0    Dex: 12    Spells: 4/10 levels left

rFire    . . .     SeeInvis .     - Unarmed
rCold    . . .     Gourm    .   (no shield)
rNeg     . . .     Faith    .   (armour unavailable)
rPois    .         Spirit   .   (helmet restricted)
rElec    +         Reflect  .   (no cloak)
rCorr    .         Harm     .   (no gloves)
MR       +....                  (no boots)
Stlth    +.........             (no amulet)
Regen    0.2/turn               q - +4 ring of intelligence
MPRegen  0.2/turn               s - ring of protection from magic

@: no status effects
A: breathe lightning, unfitting armour, electricity resistance, cold-blooded, AC
+6
a: Breathe Lightning


You were on level 4 of the Dungeon.
You were not hungry.

You visited 1 branch of the dungeon, and saw 4 of its levels.

You collected 106 gold pieces.

Inventory:

Missiles
 a - 40 arrows
Armour
 y - a +0 buckler
Jewellery
 q - a +4 ring of intelligence (left hand)
 s - a ring of protection from magic (right hand)
Scrolls
 d - 3 scrolls of magic mapping {unknown}
 e - 3 scrolls of amnesia {unknown}
 g - 3 scrolls of recharging {unknown}
 h - 4 scrolls of teleportation {unknown}
 i - 5 scrolls of identify {unknown}
 j - 2 scrolls of enchant armour {unknown}
 n - a scroll of fog {unknown}
 o - a scroll of enchant weapon {unknown}
 p - a scroll of fear {unknown}
 r - 3 scrolls of remove curse {unknown}
 w - a scroll of blinking {unknown}
 x - a scroll of noise {unknown}
 z - a scroll of random uselessness {unknown}
Potions
 l - 2 potions of heal wounds {unknown}
 m - a potion of might {unknown}
Books
 b - a book of Changes

   Spells                             Type                      Level
   a - Beastly Appendage              Transmutation                1
   b - Sticks to Snakes               Transmutation                2
   c - Spider Form                    Transmutation/Poison         3
   d - Ice Form                       Ice/Transmutation            4
   e - Blade Hands                    Transmutation                5
 f - a book of Maledictions

   Spells                             Type                      Level
   a - Corona                         Hexes                        1
   b - Ensorcelled Hibernation        Hexes/Ice                    2
   c - Confuse                        Hexes                        3
   d - Tukima's Dance                 Hexes                        3
   e - Dazzling Spray                 Conjuration/Hexes            3
Comestibles
 c - a bread ration
 k - 2 meat rations
 t - 2 royal jellies
 u - 4 chunks of flesh


   Skills:
 + Level 4.7 Fighting
 - Level 1.7 Dodging
 * Level 7.3 Unarmed Combat
 - Level 2.0 Spellcasting
 + Level 5.0 Transmutations


You had 4 spell levels left.
You knew the following spells:

 Your Spells              Type           Power        Failure   Level  Hunger
a - Beastly Appendage     Tmut           ###...       2%          1    #......
b - Sticks to Snakes      Tmut           ###.....     3%          2    ###....
c - Spider Form           Tmut/Pois      ##........   21%         3    ###....


Dungeon Overview and Level Annotations

Branches:
Dungeon (4/15)
 Temple: D:4-7

Altars:
Nemelex Xobeh
Ru


Innate Abilities, Weirdness & Mutations

You can breathe wild blasts of lightning.
Your glossy black scales are hard. (AC +6)
You cannot fit into any form of body armour.
You are resistant to electric shocks. (rElec)
You are cold-blooded and may be slowed by cold attacks.


Message History

The gnoll is severely wounded.
You feel sick. The gnoll misses you.
You closely miss the gnoll.
The gnoll is severely wounded.
The gnoll hits you with a whip.
* * * LOW HITPOINT WARNING * * *
You punch the gnoll!
You kill the gnoll!
There is a lethal amount of poison in your body!
You feel better.
You start resting.
Your transformation is almost over.
You start resting.
Your magical contamination has completely faded away.
You start resting.
Your horns disappear.
You start resting.
A gnoll comes into view. It is wielding a whip.
A gnoll is nearby!
Are you sure you want to abandon this character and quit the game? (Confirm with "yes".)

##'# # .#.# .# .# .# .# .#
######################
.#.#....)......#....#....
.#.).).)..(....)@)..'....
##'#...........#....#..g
...#############''''#############
...#.............)..............#
####≈≈≈≈≈≈≈≈≈≈≈≈..).≈≈≈≈≈≈≈≈≈≈≈≈#
≈≈≈≈≈≈≈≈≈≈≈≈≈≈≈≈...)≈≈≈≈≈≈≈≈≈≈≈≈≈
≈≈≈≈≈≈≈≈≈≈≈≈≈≈≈≈...)≈≈≈≈≈≈≈≈≈≈≈≈≈
.........................).......
#########........................


You could see a gnoll (wandering).

Vanquished Creatures
  2 howler monkeys
  3 orc wizards (D:3)
  A bullfrog skeleton (D:4)
  4 gnoll shamans (D:4)
  An iguana (D:4)
  A worker ant (D:4)
  Natasha (thrice) (D:3)
  34 gnolls
  3 adders
  2 oozes (D:1)
  An adder skeleton (D:4)
  4 worms
  A leopard gecko (D:2)
  10 orcs
  6 bats
  3 giant cockroaches
  5 goblins
  4 hobgoblins
  18 jackals
  8 kobolds
  7 frilled lizards
  A giant cockroach zombie (D:3)
  10 rats
132 creatures vanquished.

Vanquished Creatures (collateral kills)
  An ogre (D:4)
  5 frilled lizards (D:2)
6 creatures vanquished.

Grand Total: 138 creatures vanquished

Notes
Turn   | Place    | Note
-------+----------+-------------------------------------------
     0 | D:1      | spiff the Draconian Transmuter began the quest for the Orb.
     0 | D:1      | Reached XP level 1. HP: 16/16 MP: 3/3
   169 | D:1      | Reached XP level 2. HP: 13/23 MP: 3/5
   374 | D:1      | Found a sparkling altar of Nemelex Xobeh.
   670 | D:2      | Found a sacrificial altar of Ru.
   696 | D:2      | Reached XP level 3. HP: 29/29 MP: 6/6
   700 | D:2      | Learned a level 2 spell: Sticks to Snakes
   704 | D:2      | Learned a level 3 spell: Spider Form
   984 | D:2      | Reached skill level 4 in Unarmed Combat
  1319 | D:2      | Reached XP level 4. HP: 30/36 MP: 3/7
  1834 | D:3      | Reached XP level 5. HP: 16/42 MP: 5/8
  2050 | D:3      | Noticed Natasha
  2060 | D:3      | Killed Natasha
  2190 | D:3      | HP: 1/44 [gnoll/whip (4)]
  2553 | D:3      | Noticed Natasha
  2558 | D:3      | Killed Natasha
  2563 | D:3      | Reached skill level 5 in Unarmed Combat
  2830 | D:3      | Reached XP level 6. HP: 39/51 MP: 2/9
  3232 | D:3      | Noticed Natasha
  3239 | D:3      | Killed Natasha
  4155 | D:4      | Reached skill level 6 in Unarmed Combat
  4155 | D:4      | Your scales start taking on a glossy black colour.
  4155 | D:4      | Reached XP level 7. HP: 58/59 MP: 6/10
  4155 | D:4      | Gained mutation: You are resistant to electric shocks. (rElec) [Black Draconian growth]
  4679 | D:4      | Reached skill level 7 in Unarmed Combat
  4813 | D:4      | Reached skill level 5 in Transmutations
  4817 | D:4      | HP: 1/60 [gnoll/whip (4)]
  4854 | D:4      | Quit the game

Skill      XL: |  1  2  3  4  5  6  7 |
---------------+----------------------+-----
Fighting       | 2 3 4 |  4.7
Unarmed Combat | 4 5 6 7 |  7.3
Transmutations | 3 4 5 |  5.0
Dodging        | |  1.7
Spellcasting   | |  2.0

Action                   |  1- 3 |  4- 6 |  7- 9 || total
-------------------------+-------+-------+-------++-------
Melee: Unarmed           |   110 |   216 |   104 ||   430
       Kick              |     9 |     5 |       ||    14
       Tailslap          |     5 |    12 |     1 ||    18
       Headbutt          |     1 |       |     3 ||     4
       Punch             |       |     3 |       ||     3
 Cast: Beastly Appendage |    16 |     5 |     4 ||    25
       Spider Form       |     3 |    18 |    14 ||    35
       Sticks to Snakes  |     2 |       |     1 ||     3
 Abil: Breathe Lightning |       |       |     2 ||     2
  Use: Potion            |       |       |     1 ||     1
 Stab: Paralysed         |     2 |       |       ||     2
       Sleeping          |     1 |       |       ||     1
  Eat: Chunk             |     2 |     9 |     5 ||    16
       Bread ration      |       |     1 |       ||     1
Armor: Skin              |    37 |    42 |     8 ||    87
Dodge: Dodged            |    56 |   153 |    75 ||   284
